 Dungeon Crawl Stone Soup version 0.28.0-43-g3370ac3207 (webtiles) character file.

Game seed: 14081945365763008668

52 Ablot the Grasshopper (level 3, 0/31 HPs)
             Began as a Gnoll Warper on Mar 5, 2022.
             Slain by a quokka (2 damage)
             ... on level 2 of the Dungeon.
             The game lasted 00:01:38 (2162 turns).

Ablot the Grasshopper (Gnoll Warper)                Turns: 2162, Time: 00:01:39

Health: 0/31       AC:  3    Str: 12    XL:     3   Next: 85%
Magic:  7/9        EV: 12    Int: 12    God:
Gold:   81         SH:  0    Dex: 11    Spells: 10/12 levels left

rFire   . . .      SeeInvis .   a - +0 trident
rCold   . . .      Faith    .   (no shield)
rNeg    . . .      Spirit   .   b - +0 leather armour
rPois   .          Reflect  .   (no helmet)
rElec   .          Harm     .   (no cloak)
rCorr   .          Rampage  .   (no gloves)
Will    .....                   (no boots)
Stlth   +.........              (no amulet)
HPRegen 0.10/turn               (no ring)
MPRegen 0.11/turn               (no ring)

@: on blink cooldown
A: fangs 1, strong nose, distributed training
a: no special abilities


You were on level 2 of the Dungeon.
You visited 1 branch of the dungeon, and saw 2 of its levels.

You collected 81 gold pieces.

Inventory:

Hand Weapons
 a - a +0 trident (weapon)
Missiles
 d - 5 boomerangs of dispersal (quivered)
 f - 75 stones
 i - 2 javelins
Armour
 b - a +0 leather armour (worn)
Scrolls
 c - a scroll of blinking
Potions
 e - a potion of curing {unknown}
 g - a potion of flight {unknown}
 h - a potion of mutation {unknown}


   Skills:
 + Level 4.6 Fighting
 + Level 1.0 Short Blades
 + Level 1.0 Long Blades
 + Level 1.0 Axes
 + Level 1.0 Maces & Flails
 + Level 4.6 Polearms
 + Level 1.0 Staves
 + Level 1.0 Slings
 + Level 1.0 Bows
 + Level 1.0 Crossbows
 + Level 2.6 Throwing
 + Level 2.6 Armour
 + Level 4.6 Dodging
 + Level 1.0 Stealth
 + Level 1.0 Shields
 + Level 1.0 Unarmed Combat
 + Level 5.0 Spellcasting
 + Level 0.7 Conjurations
 + Level 0.7 Hexes
 + Level 0.7 Summonings
 + Level 0.7 Necromancy
 + Level 5.4 Translocations
 + Level 0.7 Transmutations
 + Level 0.7 Fire Magic
 + Level 0.7 Ice Magic
 + Level 0.7 Air Magic
 + Level 0.7 Earth Magic
 + Level 0.7 Poison Magic
 + Level 1.0 Invocations
 + Level 1.0 Evocations


You had 10 spell levels left.
You knew the following spells:

 Your Spells              Type           Power      Damage    Failure   Level
a - Blink                 Tloc           32%        N/A       4%          2

Your spell library contained the following spells:

 Spells                   Type           Power      Damage    Failure   Level
 Gell's Gravitas          Tloc           16%        N/A       9%          3
 Lesser Beckoning         Tloc           16%        N/A       9%          3
 Teleport Other           Tloc           16%        N/A       9%          3
 Sandblast                Erth           8%         2d5       19%         1
 Passwall                 Tmut/Erth      3%         N/A       28%         2
 Static Discharge         Conj/Air       4%         N/A       28%         2
 Stone Arrow              Conj/Erth      8%         3d7       50%         3
 Manifold Assault         Tloc           16%        N/A       58%         5
 Lightning Bolt           Conj/Air       2%         1d13      99%         5
 Maxwell's Capacitive Co  Air            2%         ∞         100%        8


Dungeon Overview and Level Annotations

Branches:
Dungeon (2/15)

Altars:


Innate Abilities, Weirdness & Mutations

You have very sharp teeth.
Your uncanny sense of smell can sniff out nearby items.
Your experience applies equally to all skills.


Message History

The adder barely misses you. The adder closely misses you.
You hit the adder.
The adder is moderately wounded.
You feel sick. The quokka closely misses you. The adder bites you.
The adder closely misses you. x2; The hobgoblin barely misses you.
You closely miss the adder.
The adder is moderately wounded.
You feel sick. The quokka barely misses you. The adder misses you.
The adder barely misses you. The adder closely misses you.
The hobgoblin closely misses you. The adder closely misses you.
The adder bites you. The quokka closely misses you.
You are too injured to fight recklessly!
You are too injured to fight recklessly!
You are too injured to fight recklessly!
You are too injured to fight recklessly!
You are too injured to fight recklessly!
You are too injured to fight recklessly!
You are too injured to fight recklessly!
You are too injured to fight recklessly!
You are too injured to fight recklessly!
You are too injured to fight recklessly!
You feel sick.
You are no longer poisoned.
The hobgoblin hits you. The adder bites you.
* * * LOW HITPOINT WARNING * * *
The adder bites you but does no damage. The adder closely misses you. x2
The adder completely misses you. The quokka bites you.
* * * LOW HITPOINT WARNING * * *
The adder closely misses you.
Casting: Blink (safe; 4% risk of failure)
Confirm with . or Enter, or press ? or * to list all spells.
You blink.
The endoplasm closely misses you. The endoplasm freezes you.
You are frozen.
* * * LOW HITPOINT WARNING * * *
The quokka bites you.
You die...

. .............## #
.........!....#
..............#
..............#####
..................#
......?...........#
..................# ..
......$......S.@..##..
#.....#.....SJr........
##### ##.....gS........
#...........#...
#.....).....#∆..
#..........## #
#..........#
########..## ####
##.....#########....


You could see 3 adders, an endoplasm, a quokka and a hobgoblin.

Vanquished Creatures
  A worm (D:2)
  A dart slug (D:1)
  6 endoplasms
  A giant cockroach (D:2)
  4 goblins
  6 hobgoblins (D:1)
  3 jackals (D:1)
  3 quokkas (D:1)
  4 ball pythons (D:1)
  2 bats (D:1)
  2 frilled lizards
  3 kobolds
  6 rats
42 creatures vanquished.

Notes
Turn   | Place    | Note
-------+----------+-------------------------------------------
     0 | D:1      | Ablot the Gnoll Warper began the quest for the Orb.
     0 | D:1      | Reached XP level 1. HP: 20/20 MP: 6/6
   138 | D:1      | Reached XP level 2. HP: 9/26 MP: 7/7
   141 | D:1      | Learned a level 2 spell: Blink
   950 | D:1      | Reached XP level 3. HP: 31/31 MP: 9/9
   952 | D:1      | Reached skill level 5 in Spellcasting
  1561 | D:2      | Reached skill level 1 in Invocations
  1980 | D:2      | Reached skill level 1 in Short Blades
  1980 | D:2      | Reached skill level 1 in Long Blades
  1980 | D:2      | Reached skill level 1 in Axes
  1980 | D:2      | Reached skill level 1 in Maces & Flails
  1980 | D:2      | Reached skill level 1 in Staves
  1980 | D:2      | Reached skill level 1 in Slings
  1980 | D:2      | Reached skill level 1 in Bows
  1980 | D:2      | Reached skill level 1 in Crossbows
  1980 | D:2      | Reached skill level 1 in Stealth
  1980 | D:2      | Reached skill level 1 in Shields
  1980 | D:2      | Reached skill level 1 in Unarmed Combat
  1980 | D:2      | Reached skill level 1 in Evocations
  2162 | D:2      | Slain by a quokka

Illustrated notes

Levels and vault maps discovered:
D:1:      zaba_arrival_water, layout_loops_ring, kennysheep_crisscross,
          chequers_serial_rivers_marsh, chequers_serial_rivers_micro_d
D:2:      layout_rooms, uniq_natasha

Skill      XL: |  1  2  3 |
---------------+----------+-----
Spellcasting   | 5 |  5.0
Invocations    | 1 |  1.0
Short Blades   | 1 |  1.0
Long Blades    | 1 |  1.0
Axes           | 1 |  1.0
Maces & Flails | 1 |  1.0
Staves         | 1 |  1.0
Slings         | 1 |  1.0
Bows           | 1 |  1.0
Crossbows      | 1 |  1.0
Stealth        | 1 |  1.0
Shields        | 1 |  1.0
Unarmed Combat | 1 |  1.0
Evocations     | 1 |  1.0
Fighting       | |  4.6
Polearms       | |  4.6
Throwing       | |  2.6
Armour         | |  2.6
Dodging        | |  4.6
Conjurations   | |  0.7
Hexes          | |  0.7
Summonings     | |  0.7
Necromancy     | |  0.7
Translocations | |  5.4
Transmutations | |  0.7
Fire Magic     | |  0.7
Ice Magic      | |  0.7
Air Magic      | |  0.7
Earth Magic    | |  0.7
Poison Magic   | |  0.7

Action                   || total
-------------------------++-------
Melee: Spear             ||    82
       Bite              ||     8
       Trident           ||    86
       Punch             ||     1
 Cast: Blink             ||     1
 Stab: Sleeping          ||     2
Armor: Leather armour    ||    28
Dodge: Dodged            ||   101
